 Dungeon Crawl Stone Soup version 0.30.1-4-g462c640d31 (webtiles) character file.

Game seed: 14920164777811544270

2911 Zeor the Carver (level 9, -6/75 HPs)
             Began as a Black Draconian Berserker on Sept 5, 2023.
             Was an Elder of Trog.
             Mangled by a manticore (11 damage)
             ... on level 8 of the Dungeon.
             The game lasted 00:23:19 (7430 turns).

Zeor the Carver (Black Draconian Berserker)         Turns: 7430, Time: 00:23:20

Health: -6/75      AC: 12    Str: 19    XL:     9   Next: 49%
Magic:  9/9        EV: 14    Int:  8    God:    Trog [****..]
Gold:   240        SH:  0    Dex: 15    Spells: 8/8 levels left

rFire   . . .        a - +1 falchion
rCold   . . .        (no shield)
rNeg    . . .        (body armour unavailable)
rPois   .            q - +2 hat
rElec   +            B - +1 cloak
rCorr   .            b - +0 pair of gloves
SInv    .            (no boots)
Will    .....        d - amulet of the acrobat
Stlth   ++           (no ring)
HPRegen 0.32/turn    (no ring)
MPRegen 0.11/turn

%: acrobat
@: spiked
A: breathe lightning, AC +7, unfitting armour, electricity resistance,
cold-blooded
a: Breathe Lightning, Renounce Religion, Berserk, Trog's Hand, Brothers in Arms


You were on level 8 of the Dungeon.
You worshipped Trog.
Trog was greatly pleased with you.
You visited 1 branch of the dungeon, and saw 8 of its levels.
You also visited: Sewer.

You collected 357 gold pieces.
You spent 117 gold pieces at shops.

Inventory:

Hand Weapons
 a - a +1 falchion (weapon)
 D - a +2 shortbow of flaming
Missiles
 e - 17 poisoned darts
 t - 3 throwing nets
 u - a datura-tipped dart
 v - 11 boomerangs (quivered)
Armour
 b - a +0 pair of gloves (worn)
 h - a +0 cloak
 i - a +0 buckler
 q - a +2 hat (worn)
 B - a +1 cloak (worn)
Jewellery
 d - an amulet of the acrobat (around neck)
 s - a ring of ice
Wands
 C - a wand of iceblast (13)
Scrolls
 j - 3 scrolls of teleportation
 k - a scroll of immolation
 p - a scroll of magic mapping
 y - 3 scrolls of fog
Potions
 c - 3 potions of attraction
 f - 3 potions of heal wounds
 g - 4 potions of curing
 l - a potion of brilliance {unknown}
 m - 3 potions of mutation
 n - 2 potions of ambrosia
 o - 2 potions of lignification {unknown}
 r - a potion of flight {unknown}
 w - a potion of might {unknown}
 x - 2 potions of haste {unknown}
 z - a potion of magic {unknown}
 A - a potion of cancellation {unknown}


   Skills:
 + Level 6.2 Fighting
 * Level 11.1 Long Blades
 + Level 2.0 Throwing
 + Level 4.8 Dodging
 + Level 3.1 Stealth


You had 8 spell levels left.
You didn't know any spells.
Your spell library was empty.

Dungeon Overview and Level Annotations

Branches:
Dungeon (8/15)             Temple (0/1) D:4           Sewer (visited)
   Lair: D:8-11

Altars:
Kikubaaqudgha
Nemelex Xobeh

Shops:
D:3 *   D:6 (


Innate Abilities, Weirdness & Mutations

You can breathe wild blasts of lightning.
Your glossy black scales are hard. (AC +7)
You cannot fit into any form of body armour.
You are resistant to electric shocks. (rElec)
You are cold-blooded and may be slowed by cold attacks.


Message History

You hit the centaur.
The centaur is severely wounded.
The centaur hits you. The centaur completely misses you.
You barely miss the centaur.
The centaur is severely wounded.
The centaur closely misses you.
The centaur kicks you but does no damage.
The centaur barely misses you.
The centaur kicks you but does no damage.
You hit the centaur but do no damage.
The centaur is severely wounded.
The manticore flicks its tail.
The volley of spikes hits you but does no damage.
The centaur hits you but does no damage.
The centaur kicks you but does no damage.
You hit the centaur but do no damage.
The centaur is severely wounded.
The centaur hits you but does no damage.
The centaur kicks you but does no damage.
The manticore flicks its tail.
The volley of spikes hits you.
The barbed spikes become lodged in your body.
You slash the centaur!
You kill the centaur!
Trog accepts your kill.
The manticore flicks its tail.
The volley of spikes hits you!
The barbed spikes become lodged in your body.
The manticore flicks its tail.
The volley of spikes hits you!
The barbed spikes become lodged in your body.
The manticore flicks its tail.
The volley of spikes hits you!
The barbed spikes become lodged in your body.
You hit the manticore but do no damage. The manticore bites you!!
* * * LOW HITPOINT WARNING * * *
The manticore barely misses you. The manticore claws you!
* * * LOW HITPOINT WARNING * * *
You hit the manticore but do no damage. The manticore bites you!
You die... ∙∙∙∙∙∙∙∙∙∙∙∙∙▒∙ ∙∙∙∙∙∙∙∙∙∙∙∙∙∙∙∙ ∙∙▒∙∙∙∙∙∙∙∙∙∙∙∙∙ ∙∙∙∙∙∙∙!∙∙∙∙∙∙∙∙ ∙∙∙∙∙∙∙∙∙∙∙∙∙∙▒∙ ∙∙∙∙∙∙∙∙∙∙∙∙∙∙∙∙ ∙∙∙∙∙∙∙)H∙∙∙∙∙∙∙ ∙∙∙∙∙∙∙∙d∙∙∙∙∙∙∙

∙∙∙▒▒∙∙∙∙∙∙▒∙∙∙
▒▒▒∙∙∙∙∙∙▒▒
∙▒∙▒∙∙∙∙∙∙∙∙∙▒
∙∙∙∙∙∙∙∙∙∙▒∙▒▒
∙∙∙∙∙∙∙<∙▒▒▒▒
∙∙∙∙∙∙∙∙∙▒
∙∙∙∙∙∙∙∙∙∙▒
∙∙∙∙∙∙∙∙∙∙∙▒


You could see a manticore.

Vanquished Creatures
  Grinder (D:3)
  Prince Ribbit (D:6)
  Duvessa (D:6)
  A water moccasin (D:5)
  A sky beast (D:7)
  A black bear (D:5)
  An ice beast (D:6)
  3 ogres
  A phantom (D:5)
  3 centaurs
  A kobold brigand (D:7)
  2 bullfrogs (D:7)
  A scorpion (D:5)
  A gnoll sergeant (D:7)
  Dowan (D:6)
  2 howler monkeys
  A gnoll bouda (D:6)
  6 orc priests
  3 hounds
  5 jellies
  4 iguanas
  A sleepcap (D:4)
  2 orc wizards
  12 gnolls
  3 adders
  5 river rats
  A shadow imp (D:5)
  5 white imps
  3 worms
  2 dart slugs
  26 orcs
  18 ball pythons
  13 endoplasms
  5 giant cockroaches
  7 goblins
  8 hobgoblins
  11 kobolds
  A quokka (D:2)
  12 bats
  8 frilled lizards
  7 rats
191 creatures vanquished.

Vanquished Creatures (others)
  An orc wizard (D:6)
1 creature vanquished.

Grand Total: 192 creatures vanquished

Notes
Turn   | Place    | Note
-------+----------+-------------------------------------------
     0 | D:1      | Zeor the Draconian Berserker began the quest for the Orb.
     0 | D:1      | Reached XP level 1. HP: 19/19 MP: 1/1
    51 | D:1      | Noticed a centaur
   166 | D:1      | Reached XP level 2. HP: 26/26 MP: 2/2
   433 | D:1      | Reached XP level 3. HP: 20/33 MP: 3/3
   520 | D:1      | Reached ** piety under Trog
  1499 | D:3      | Found a faded altar of an unknown god.
  1513 | D:3      | Reached skill level 4 in Long Blades
  1836 | D:3      | Found Rofo Ema's Assorted Antiques.
  1839 | D:3      | Bought a scroll labelled LIH SUEPPOGRET for 18 gold pieces
  1905 | D:3      | Reached XP level 4. HP: 18/40 MP: 4/4
  2049 | D:3      | Noticed Grinder
  2065 | D:3      | Killed Grinder
  2066 | D:3      | Reached skill level 5 in Long Blades
  2066 | D:3      | Reached skill level 1 in Stealth
  2066 | D:3      | Reached XP level 5. HP: 46/46 MP: 5/5
  2066 | D:3      | Reached XP level 6. HP: 52/52 MP: 6/6
  2447 | D:3      | Reached skill level 6 in Long Blades
  2922 | D:4      | You fall into a shaft and drop 3 floors!
  3002 | D:6      | Noticed an ice beast
  3014 | D:6      | Killed an ice beast
  3114 | D:6      | Found Ujuvel's Firing Range.
  3122 | D:6      | Bought a throwing net for 33 gold pieces
  3141 | D:6      | Bought 3 boomerangs for 66 gold pieces
  3180 | D:5      | Entered Level 5 of the Dungeon
  3210 | D:5      | Your scales start taking on a glossy black colour.
  3210 | D:5      | Reached XP level 7. HP: 58/60 MP: 7/7
  3210 | D:5      | Gained mutation: You are resistant to electric shocks.
                  | (rElec) [Black Draconian growth]
  3216 | D:5      | Found a glowing drain.
  3226 | D:5      | Reached *** piety under Trog
  3235 | Sewer    | Entered a sewer
  3335 | Sewer    | Reached skill level 7 in Long Blades
  3614 | Sewer    | Found a viscous altar of Jiyva.
  3756 | D:4      | Found a staircase to the Ecumenical Temple.
  4166 | D:4      | Found an ancient bone altar of Kikubaaqudgha.
  4454 | D:5      | Reached skill level 8 in Long Blades
  4550 | D:5      | Reached XP level 8. HP: 67/67 MP: 8/8
  4718 | D:5      | Reached skill level 5 in Fighting
  4909 | D:5      | Reached skill level 1 in Throwing
  5121 | D:5      | Reached **** piety under Trog
  5262 | D:5      | Reached skill level 9 in Long Blades
  5693 | D:6      | Found a sparkling altar of Nemelex Xobeh.
  5803 | D:6      | Noticed Prince Ribbit
  5812 | D:6      | Killed Prince Ribbit
  5951 | D:6      | Noticed Dowan
  5952 | D:6      | Noticed Duvessa
  5968 | D:6      | Killed Duvessa
  5969 | D:6      | Reached XP level 9. HP: 75/75 MP: 9/9
  5969 | D:6      | Killed Dowan
  5970 | D:6      | Reached skill level 10 in Long Blades
  7125 | D:7      | Reached skill level 11 in Long Blades
  7414 | D:8      | Noticed a manticore
  7430 | D:8      | Mangled by a manticore

Illustrated notes

Levels and vault maps discovered:
D:1:      evilmike_arrival_come_back, layout_loops_ring, kennysheep_minor_cross,
          minmay_misc_feat_rows
D:2:      layout_loops_ring
D:3:      minmay_bubble_buster, layout_basic, serial_shops,
          nicolae_shop_behind_doors, serial_glass, glass_columns_a,
          glass_columns_a, minmay_strange_pillars, item_on_display_b,
          hellmonk_ecumenical_altar_blasted, uniq_grinder
D:4:      layout_rooms, amcnicky_altar_gilded, minmay_temple_entry_hall,
          corexii_leaking_fountain, nicolae_kite_square_tiling_tiny
D:5:      layout_basic, portal_sewer_entry_e
D:6:      layout_gridville, nemelex_diamond_rough_becter,
          nicolae_shop_firing_range, uniq_duvessa, uniq_prince_ribbit1
D:7:      layout_loops_corners
D:8:      layout_cave_pools, chequers_temple_overflow_statue_of_worship,
          minmay_misc_feat_enclosed, uniq_joseph, uniq_grum

Skill      XL: |  1  2  3  4  5  6  7  8  9 |
---------------+----------------------------+-----
Dodging        | 3 4 |  4.8
Long Blades    | 4 5 6 8 9 11 | 11.1
Fighting       | 4 5 6 |  6.2
Stealth        | 1 2 3 |  3.1
Throwing       | 1 2 |  2.0

Action                     |  1- 3 |  4- 6 |  7- 9 || total
---------------------------+-------+-------+-------++-------
  Melee: Falchion          |   127 |    96 |   432 ||   655
         Tailslap          |    10 |    13 |    72 ||    95
         Punch             |       |     1 |     2 ||     3
  Throw: Dart              |       |     1 |       ||     1
         Boomerang         |       |       |    17 ||    17
 Invoke: Berserk           |     1 |     3 |     9 ||    13
         Trog's Hand       |       |     1 |       ||     1
Ability: Breathe Lightning |       |       |     1 ||     1
    Use: Scroll            |    10 |     4 |     4 ||    18
         Potion            |     1 |       |     3 ||     4
   Stab: Sleeping          |     4 |     2 |     5 ||    11
 Armour: Skin              |    35 |    28 |   109 ||   172
  Dodge: Dodged            |    71 |    67 |   250 ||   388
